 Dungeon Crawl Stone Soup version 0.19.5 (webtiles) character file.

39 Santreim the Magician (level 3, -1/28 HPs)
             Began as a Naga Wizard on Mar 8, 2017.
             Slain by an adder (3 damage)
             ... on level 2 of the Dungeon on Mar 9, 2017.
             The game lasted 00:06:21 (1442 turns).

Santreim the Magician (Naga Wizard)                 Turns: 1442, Time: 00:06:22

Health: -1/28      AC:  2    Str:  9    XL:     3   Next: 47%
Magic:  1/8        EV: 10    Int: 19    God:
Gold:   70         SH:  0    Dex:  9    Spells: 5 memorised, 0 levels left

rFire  . . .     SeeInvis +     (no weapon)
rCold  . . .     Gourm    .     g - +0 robe
rNeg   . . .     Faith    .     (no shield)
rPois  +         Spirit   .     b - +0 hat
rElec  .         Reflect  .     (no cloak)
rCorr  .         Harm     .     (no gloves)
MR     .....                    (no barding)
Stlth  ++........               (no amulet)
                                (no ring)
                                (no ring)

@: short of breath, very slightly contaminated, repel missiles, very slow
A: see invisible, deformed body, poison resistance, slowness 2, slow metabolism
1, spit poison 1, AC +1
a: Spit Poison


You were on level 2 of the Dungeon.
You were not hungry.

You visited 1 branch of the dungeon, and saw 2 of its levels.

You collected 70 gold pieces.

Inventory:

Armour
 a - a +0 robe
 b - a +0 hat (worn)
 g - a +0 robe (worn)
Jewellery
 e - an uncursed ring of wizardry {unknown}
Scrolls
 h - a scroll of amnesia {unknown}
 i - a scroll of remove curse {unknown}
Books
 c - a book of Minor Magic

   Spells                             Type                      Level
   a - Magic Dart                     Conjuration                  1
   b - Blink                          Translocation                2
   c - Call Imp                       Summoning                    2
   d - Repel Missiles                 Charms/Air                   2
   e - Slow                           Hexes                        2
   f - Conjure Flame                  Conjuration/Fire             3
   g - Mephitic Cloud                 Conjuration/Poison/Air       3
Comestibles
 d - a bread ration
 f - a royal jelly


   Skills:
 + Level 1.7 Dodging
 + Level 3.0 Stealth
 + Level 0.6 Unarmed Combat
 + Level 3.8 Spellcasting
 + Level 1.5 Conjurations
 + Level 1.0 Summonings
 + Level 1.0 Translocations


You couldn't memorise any spells.
You knew the following spells:

 Your Spells              Type           Power        Failure   Level  Hunger
a - Magic Dart            Conj           #...         10%         1    None
b - Blink                 Tloc           N/A          17%         2    ##.....
c - Call Imp              Summ           #.......     17%         2    ##.....
d - Repel Missiles        Chrm/Air       #.....       24%         2    ##.....
e - Slow                  Hex            #.......     24%         2    ##.....


Dungeon Overview and Level Annotations

Branches:
Dungeon (2/15)

Altars:


Innate Abilities, Weirdness & Mutations

You cannot wear boots.
Your serpentine skin is tough. (AC +1)
You have supernaturally acute eyesight. (SInv)
Armour fits poorly on your strangely shaped body.
Your system is resistant to poisons. (rPois)
You cover ground very slowly.
You have a slow metabolism.
You can spit poison.


Message History

Aim: an adder (hasn't noticed you)
The magic dart hits the adder.
The adder is lightly wounded.
The adder hisses angrily.
Casting: Magic Dart
Confirm with . or Enter, or press ? or * to list all spells.
You don't have enough magic to cast that spell.
Press: ? - help, Shift-Dir - straight line, f/p - adder
Aim: an adder (lightly wounded)
The splash of poison misses the adder.
You feel slightly more hungry. The adder bites you.
* * * LOW HITPOINT WARNING * * *
You hit the adder.
The adder is lightly wounded.
The adder bites you.
* * * LOW HITPOINT WARNING * * *
The adder closely misses you.
Found 9 gold pieces.
The adder bites you.
You die...

#.####.####.#
#......# .#
######.# . #.#
..
#####.##.#....
#...)..........
#.#######.##.
#S# #@# #..#
#... #..#.
#...#$ ##.# ..
##$ #. # #.


You could see an adder.

Vanquished Creatures
  An adder (D:2)
  A gnoll (D:1)
  2 dart slugs (D:1)
  A ball python (D:1)
  5 hobgoblins
  2 kobolds
  A bat (D:1)
  3 frilled lizards (D:1)
  2 rats (D:1)
18 creatures vanquished.

Notes
Turn   | Place    | Note
-------+----------+-------------------------------------------
     0 | D:1      | Santreim the Naga Wizard began the quest for the Orb.
     0 | D:1      | Reached XP level 1. HP: 15/15 MP: 4/4
   352 | D:1      | Reached XP level 2. HP: 22/22 MP: 4/6
   979 | D:1      | Reached XP level 3. HP: 28/28 MP: 2/8
  1051 | D:1      | Learned a level 2 spell: Blink
  1054 | D:1      | Learned a level 2 spell: Call Imp
  1057 | D:1      | Learned a level 2 spell: Repel Missiles
  1060 | D:1      | Learned a level 2 spell: Slow
  1440 | D:2      | HP: 1/28 [adder (5)]
  1442 | D:2      | Slain by an adder

Action                   || total
-------------------------++-------
Melee: Unarmed           ||    23
 Cast: Magic Dart        ||    45
       Repel Missiles    ||     1
 Abil: Spit Poison       ||     4
  Eat: Chunk             ||     1
Armor: Robe              ||     1
Dodge: Dodged            ||    17
